Map: Daybreak LE (Void)

Players

Cash - Winner!

  • Race: Zerg Zerg
  • League: Diamond
  • Spawn Location: 1:00

Gorod

  • Race: Zerg Zerg
  • League: Diamond
  • Spawn Location: 7:00

VOD

Have the link to the VOD?

Description

Time

  • Played on: Dec. 19, 2016, 8:20 a.m.
  • Length: 3:10
Show
View Real Time Build Order
Export as new Build Order

Cash Zerg - Winner!

Build Orders: Pool Only 

Get SALT Encoding   

  12  0:01  Drone  
  13  0:15  Extractor  
  12  0:25  Spawning Pool  
  11  0:29  Drone  
  11  0:33  Drone  
  13  0:48  Overlord  
  12  1:15  Zergling x6  
  12  1:18  Metabolic Boost  
  15  1:28  Zergling x2  
  16  1:39  Zergling x2  
  17  1:43  Baneling Nest  
  16  1:50  Zergling x2  
  17  2:00  Zergling x2  
  18  2:06  Queen  
  20  2:12  Zergling x2  
  21  2:26  Overlord  
  21  2:30  Baneling  
  21  2:31  Baneling  
  21  2:36  Zergling x2  
  22  2:44  Baneling x2  
Show
View Real Time Build Order
Export as new Build Order

Gorod Zerg 

Build Orders: Hatch First 

Get SALT Encoding   

  12  0:01  Drone  
  13  0:08  Drone  
  13  0:13  Extractor  
  13  0:14  Drone  
  15  0:40  Hatchery  
  14  0:46  Drone, Extractor  
  14  1:03  Spawning Pool  
  12  1:15  Drone  
  12  1:16  Drone  
  14  1:22  Overlord  
  14  1:28  Extractor  
  14  1:32  Drone  
  15  1:40  Drone  
  16  1:49  Metabolic Boost  
  16  1:51  Drone  
  17  1:55  Drone  
  18  2:05  Queen  
  20  2:08  Zergling x2  
  20  2:13  Zergling x2  
  22  2:17  Zergling x2  
  23  2:29  Zergling x4  
  22  2:44  Zergling x8  
Tags
 
Add a new tag
Caveats
  • Supply blocks, unpowered buildings, or Contaminate may cause inaccurate times.
  • Supply counts are checked every 10 seconds.